 Dungeon Crawl Stone Soup version 0.30.1-3-gfc49f6343a (webtiles) character file.

Game seed: 17305297905746601328

1775 booth the Chopper (level 8, -2/63 HPs)
             Began as a Demonspawn Gladiator on Aug 2, 2023.
             Was a High Priest of Jiyva.
             Slain by a vampire (11 damage)
             ... on level 7 of the Dungeon.
             The game lasted 00:31:51 (5858 turns).

booth the Chopper (Demonspawn Gladiator)            Turns: 5858, Time: 00:31:51

Health: -2/63      AC: 10    Str: 16    XL:     8   Next: 80%
Magic:  14/14      EV: 18    Int: 11    God:    Jiyva [*****.]
Gold:   354        SH:  4    Dex: 14    Spells: 15/15 levels left

rFire   + + +        a - +0 war axe
rCold   . . .        (no shield)
rNeg    . . .        b - +0 leather armour
rPois   .            c - +0 helmet
rElec   .            E - +1 cloak
rCorr   +            f - +0 pair of gloves
SInv    .            q - +0 pair of boots
Will    .....        (no amulet)
Stlth   +            r - ring of protection from fire
HPRegen 1.74/turn    i - +5 ring of evasion
MPRegen 0.59/turn

%: no passive effects
@: no status effects
A: thin metallic scales 1, condensation shield, demonic touch 2, fire resistance
3, acidic bite, evolution 2, engulf
a: Renounce Religion, Oozemancy, Slimify


You were on level 7 of the Dungeon.
You worshipped Jiyva.
Jiyva was extremely pleased with you.
You visited 1 branch of the dungeon, and saw 7 of its levels.
You also visited: Sewer.

You collected 354 gold pieces.

Inventory:

Hand Weapons
 a - a +0 war axe (weapon)
 j - the +1 dagger "Jogh" {pain, Drain rCorr Str+4 Dex+3}
   (You found it on level 4 of the Dungeon)

   Str:       It affects your strength (+4).
   Dex:       It affects your dexterity (+3).
   rCorr:     It protects you from acid and corrosion.
   Drain:     It drains your maximum health when unequipped.
 n - a +2 dagger of venom
 v - a +4 quarterstaff of chaos
 C - a +1 flail of protection
Missiles
 d - 6 throwing nets
 g - 13 poisoned darts (quivered)
 y - 4 curare-tipped darts
Armour
 b - a +0 leather armour (worn)
 c - a +0 helmet (worn)
 f - a +0 pair of gloves (worn)
 q - a +0 pair of boots (worn)
 E - a +1 cloak (worn)
Jewellery
 h - a ring of wizardry
 i - a +5 ring of evasion (right hand)
 k - an amulet of faith
 r - a ring of protection from fire (left hand)
Wands
 p - a wand of charming (18)
 t - a wand of flame (45)
 A - a wand of acid (5)
Scrolls
 o - 2 scrolls of immolation
 u - a scroll of vulnerability
 w - a scroll of silence
 B - 2 scrolls of poison
 D - 2 scrolls of teleportation
 F - a scroll of fog
Potions
 l - a potion of ambrosia
 m - 2 potions of mutation
 x - a potion of resistance
 z - a potion of magic


   Skills:
 + Level 5.4 Fighting
 + Level 5.4 Axes
 + Level 4.9 Throwing
 + Level 5.3 Dodging
 + Level 4.3 Spellcasting


You had 15 spell levels left.
You didn't know any spells.
Your spell library contained the following spells:

 Spells                   Type           Power      Damage    Failure   Level
 Necrotise                Necr           8%         1d4       28%         1
 Mephitic Cloud           Conj/Pois/Air  2%         N/A       65%         3
 Vampiric Draining        Necr           2%         2d6       65%         3
 Olgreb's Toxic Radiance  Pois           2%         N/A       96%         4
 Agony                    Necr           2%         N/A       100%        5
 Eringya's Noxious Bog    Tmut/Pois      1%         N/A       100%        6
 Plasma Beam              Fire/Air       1%         2x1d12    100%        6


Dungeon Overview and Level Annotations

Branches:
Dungeon (7/15)              Sewer (visited)
 Temple: D:4-7

Altars:
Dithmenos
Fedhas
Okawaru
Qazlal
Xom
Jiyva

Shops:
D:1 *


Innate Abilities, Weirdness & Mutations

You are partially covered in thin metallic scales. (AC +2)
A meltable shield of frost defends you. (SH +4)
Your touch may inflict irresistible damage on your foes.
Your flesh is almost immune to the effects of heat. (rF+++)
You have acidic saliva.
You have great hidden genetic potential.
Your melee attacks may engulf your foes in ooze.


Message History

Something completely misses you. Something hits you!
Something closely misses you.
You barely miss something. Something hits you. Something barely misses you.
You hit something but do no damage. Something barely misses you.
Something bites you.
Something draws strength from your injuries!
You miss something. Something hits you but does no damage.
Something bites you but does no damage.
You hit something but do no damage. You bite something. Something hits you.
Something bites you but does no damage. Something hits you but does no damage.
Something closely misses you.
You miss something. Something hits you. Something bites you but does no damage.
You miss something.
You touch something!
Your bite misses something.
You hear some strange, mumbled words.
Something tries to affect you, but you resist.
You hit something. Something draws life force from you.
You hit something but do no damage. Something hits you. Something bites you.
Something draws strength from your injuries!
Something hits you. Something bites you!
* * * LOW HITPOINT WARNING * * *
Something draws strength from your injuries!
You feel better. Something hits you but does no damage.
Something closely misses you.
Throw: javelin
Press: ? - help, Q - select action, (/) - cycle Shift-Dir - straight line, f - you Really target yourself? [Y]es or [N]o only, please.
Really target yourself?
Okay, then.
Throw: javelin
Press: ? - help, Q - select action, (/) - cycle Shift-Dir - straight line You throw a javelin.
Something hits you but does no damage. Something bites you!
* * * LOW HITPOINT WARNING * * *
Something draws strength from your injuries!
You hit something. Your touch misses something. Something hits you!
* * * LOW HITPOINT WARNING * * *
Something barely misses you.
You hit something. Something hits you!
You die...

########### #.........#
#### #.........# .....
#.........# ###
......####.........# #..
.(....({@'.........+ +..
......####.........####..
..... #...............
.... #.....)....##### ...
#######....# .. ####.# #
#.# #.# #.#


There were no monsters in sight!

Vanquished Creatures
  A water moccasin (D:6)
  An orc warrior (D:6)
  An ice beast (D:7)
  A sky beast (D:6)
  A black bear (D:6)
  A centaur (D:7)
  2 bullfrogs
  2 scorpions (D:5)
  3 wights (D:7)
  A quasit (D:6)
  A gnoll bouda (D:7)
  A centaur skeleton (D:4)
  A spectral scorpion (D:4)
  Crazy Yiuf (D:6)
  A hound (D:7)
  4 orc priests
  An iguana (D:5)
  Natasha (twice) (D:4)
  Ijyb (D:3)
  A hell rat (Sewer)
  An orc wizard (D:7)
  2 bullfrog simulacra (D:4)
  17 gnolls
  2 adders
  A river rat (Sewer)
  A shadow imp (D:6)
  2 white imps (D:6)
  2 ufetubi (D:6)
  An adder skeleton (D:4)
  4 dart slugs
  A worm (D:3)
  9 orcs
  3 ball pythons
  6 bats
  2 endoplasms (D:1)
  A giant cockroach (D:2)
  26 goblins
  25 hobgoblins
  2 quokkas
  2 frilled lizards (D:1)
  7 kobolds
  10 rats
155 creatures vanquished.

Vanquished Creatures (others)
  A bullfrog (D:6)
  7 jellies
  3 quasits (D:6)
  2 hounds
  Natasha (D:4)
  An orc wizard (D:3)
  4 gnolls
  2 adders (D:6)
  2 shadow imps (D:6)
  An ufetubus (D:6)
  An adder zombie (D:4)
  A worm (D:3)
  A dart slug (D:4)
  4 orcs
  An endoplasm (D:3)
  A giant cockroach (D:3)
  9 goblins
  6 hobgoblins (D:3)
  2 jackals (D:3)
  A quokka (D:3)
51 creatures vanquished.

Grand Total: 206 creatures vanquished

Notes
Turn   | Place    | Note
-------+----------+-------------------------------------------
     0 | D:1      | booth the Demonspawn Gladiator began the quest for the Orb.
     0 | D:1      | Reached XP level 1. HP: 16/16 MP: 1/1
     8 | D:1      | Found Loidgheq's Assorted Antiques.
   285 | D:1      | Gained mutation: You are partially covered in thin metallic
                  | scales. (AC +2) [demonic ancestry]
   285 | D:1      | Reached XP level 2. HP: 22/22 MP: 2/2
   877 | D:2      | Found a faded altar of an unknown god.
   884 | D:2      | Reached XP level 3. HP: 28/28 MP: 3/3
   900 | D:2      | Prayed at the altar of an unknown god.
   900 | D:2      | Became a worshipper of Jiyva Jolivai the Shapeless
   900 | D:2      | Reached * piety under Jiyva
  1183 | D:2      | Reached ** piety under Jiyva
  1189 | D:2      | Got the Quarto of Viperous Electricity
  1840 | D:3      | Found a shimmering altar of Xom.
  1847 | D:3      | Noticed Ijyb
  1862 | D:3      | Killed Ijyb
  1863 | D:3      | Reached skill level 1 in Spellcasting
  1863 | D:3      | Gained mutation: A meltable shield of frost defends you.
                  | (SH +4) [demonic ancestry]
  1863 | D:3      | Reached XP level 4. HP: 31/34 MP: 5/5
  2121 | D:3      | Reached XP level 5. HP: 34/40 MP: 7/7
  2186 | D:3      | Reached *** piety under Jiyva
  2658 | D:3      | Gained mutation: Your flesh is heat resistant. (rF+)
                  | [Jiyva's grace]
  2658 | D:3      | Gained mutation: Your flesh is very heat resistant. (rF++)
                  | [Jiyva's grace]
  2658 | D:3      | Gained mutation: Your flesh is almost immune to the effects
                  | of heat. (rF+++) [Jiyva's grace]
  2658 | D:3      | Gained mutation: Your rubbery body absorbs attacks. (AC +1,
                  | EV +1) [Jiyva's grace]
  2910 | D:4      | Found a glowing drain.
  2934 | Sewer    | Entered a sewer
  3059 | D:4      | Noticed Natasha
  3079 | D:4      | Gained mutation: Your touch may inflict minor irresistible
                  | damage on your foes. [demonic ancestry]
  3079 | D:4      | Reached XP level 6. HP: 47/47 MP: 7/9
  3084 | D:4      | Killed Natasha
  3101 | D:4      | Killed Natasha
  3142 | D:4      | Identified the +1 dagger "Jogh" {pain, Drain rCorr Str+4
                  | Dex+3}
  3167 | D:4      | Noticed Natasha
  3175 | D:4      | Killed Natasha
  3768 | D:5      | Entered Level 5 of the Dungeon
  3768 | D:5      | Reached **** piety under Jiyva
  3849 | D:5      | Gained mutation: Your touch may inflict irresistible damage
                  | on your foes. [demonic ancestry]
  3849 | D:5      | Reached XP level 7. HP: 53/53 MP: 10/10
  3906 | D:5      | Found a stormy altar of Qazlal.
  4234 | D:5      | Reached ***** piety under Jiyva
  4464 | D:5      | Found an iron altar of Okawaru.
  4754 | D:6      | Reached XP level 8. HP: 45/61 MP: 13/13
  4754 | D:6      | Found a blossoming altar of Fedhas.
  4823 | D:6      | Lost mutation: Your rubbery body absorbs attacks. (AC +1,
                  | EV +1) [Jiyva's grace]
  4823 | D:6      | Gained mutation: You have acidic saliva. [Jiyva's grace]
  4823 | D:6      | Gained mutation: Your melee attacks may engulf your foes in
                  | ooze. [Jiyva's grace]
  4823 | D:6      | Gained mutation: You have hidden genetic potential.
                  | [Jiyva's grace]
  4823 | D:6      | Gained mutation: You have great hidden genetic potential.
                  | [Jiyva's grace]
  4910 | D:6      | Found a runed translucent door.
  4911 | D:6      | Noticed Crazy Yiuf
  4920 | D:6      | Killed Crazy Yiuf
  5433 | D:7      | Found a shadowy altar of Dithmenos.
  5510 | D:7      | Reached skill level 5 in Axes
  5510 | D:7      | Reached skill level 5 in Dodging
  5533 | D:7      | Reached skill level 5 in Fighting
  5858 | D:7      | Slain by a vampire

Illustrated notes

Levels and vault maps discovered:
D:1:      dpeg_arrival_round_a, layout_loops_cross, serial_shops, shop
D:2:      layout_basic, hellmonk_ecumenical_altar_pennies_from_heaven
D:3:      minmay_goblin_kobold_castle, layout_loops_cross,
          mainiacjoe_overflow_boulevard, minivault_14, kennysheep_path_1,
          feat_on_display, uniq_ijyb
D:4:      layout_loops_cross, cheibrodos_sewer_entry_sluice,
          corexii_corridor_pit, dilly_guarded_unrand_morg
D:5:      layout_gridville, okawaru_metal_pillars_1_2, grunt_qazlal_clouds
D:6:      layout_loops_ring, jmf_multi_god_temple, serial_demonic,
          serial_demonic_f, serial_demonic_e, serial_demonic_b,
          serial_demonic_c, uniq_crazy_yiuf_cottage
D:7:      kennysheep_slugbush, layout_basic, grunt_dithmenos_smoke,
          nemelex_spade_bored_becter, lemuel_temple_firewalk_a

Skill      XL: |  1  2  3  4  5  6  7  8 |
---------------+-------------------------+-----
Throwing       | 2 3 4 |  4.9
Axes           | 3 4 5 |  5.4
Dodging        | 3 4 5 |  5.3
Spellcasting   | 1 2 3 4 |  4.3
Fighting       | 3 4 5 |  5.4

Action                     |  1- 3 |  4- 6 |  7- 9 || total
---------------------------+-------+-------+-------++-------
  Melee: War axe           |    80 |   195 |   154 ||   429
         Punch             |     1 |     3 |     2 ||     6
         Touch             |       |     9 |    19 ||    28
         Bite              |       |       |    11 ||    11
  Throw: Dart              |     7 |     5 |     7 ||    19
         Javelin           |       |     1 |     2 ||     3
    Use: Scroll            |     3 |     4 |     5 ||    12
         Potion            |     1 |     1 |     2 ||     4
 Armour: Leather armour    |    26 |    87 |    66 ||   179
  Dodge: Dodged            |    56 |   180 |   171 ||   407
  Block: Other             |       |    63 |    39 ||   102
